 Dungeon Crawl Stone Soup version 0.31-a0-321-g19405a7a6a (webtiles) character file.

Game seed: 8304579398718336932

109 drugrobin the Sneak (level 4, -1/37 HPs)
             Began as a Demigod Delver on July 17, 2023.
             Slain by Terence
             ... wielding a +0 morningstar
              (9 damage)
             ... on level 3 of the Dungeon.
             The game lasted 00:07:57 (2438 turns).

drugrobin the Sneak (Demigod Delver)                Turns: 2438, Time: 00:07:57

Health: -1/37      AC:  5    Str: 17    XL:     4   Next: 34%
Magic:  6/6        EV: 12    Int: 18    God:
Gold:   88         SH:  0    Dex: 15    Spells: 3/3 levels left

rFire   . .          .
                       - Unarmed
rCold   . . .        (no shield)
rNeg    + . .        q - +2 robe {rN+}
rPois   .            o - +0 helmet
rElec   .            (no cloak)
rCorr   .            (no gloves)
SInv    .            (no boots)
Will    .....        (no amulet)
Stlth   +++          n - +6 ring of intelligence
HPRegen 0.26/turn    (no ring)
MPRegen 0.10/turn

%: no passive effects
@: no status effects
A: high MP 1, forlorn, divine attributes
a: no special abilities


You were on level 3 of the Dungeon.
You visited 2 branches of the dungeon, and saw 6 of its levels.

You collected 88 gold pieces.

Inventory:

Missiles
 p - 4 javelins
Armour
 a - a +0 leather armour
 g - a +0 ring mail
 o - a +0 helmet (worn)
 q - a +2 robe of positive energy (worn)
Magical Staves
 i - a staff of earth
Jewellery
 n - a +6 ring of intelligence (left hand)
Wands
 f - a wand of digging (3)
Scrolls
 b - a scroll of fog
 c - 2 scrolls of revelation
 d - 2 scrolls of fear
 j - a scroll of immolation {unknown}
 r - a scroll of vulnerability {unknown}
 s - a scroll of teleportation {unknown}
Potions
 e - a potion of haste
 h - 3 potions of heal wounds {unknown}
 k - a potion of curing {unknown}
 l - a potion of lignification {unknown}
 m - 2 potions of mutation {unknown}


   Skills:
 - Level 2.6 Fighting
 - Level 1.7 Dodging
 - Level 4.5 Stealth
 + Level 4.4 Unarmed Combat


You had 3 spell levels left.
You didn't know any spells.
Your spell library was empty.

Dungeon Overview and Level Annotations

Branches:
Dungeon (5/15)             Temple (1/1) D:5

Shops:
D:5 [

Annotations:
D:2 1 runed translucent door, Crazy Yiuf
D:3 Terence
D:5 exclusions: centaur, iguana and ogre


Innate Abilities, Weirdness & Mutations

You have an increased reservoir of magic. (+10% MP)
You shall have no god before yourself.
Your divine heritage dramatically boosts your attributes as you level up.


Message History

You barely miss Terence.
Terence is moderately wounded.
Terence barely misses you.
You hit Terence but do no damage.
Terence is moderately wounded.
Terence hits you but does no damage.
You hit Terence but do no damage.
Terence is moderately wounded.
Terence hits you with a +0 morningstar!
* * * LOW HITPOINT WARNING * * *
Unknown command.
Unknown command.
You completely miss Terence.
Terence is moderately wounded.
Terence misses you.
Unknown command.
You barely miss Terence. You punch Terence, but do no damage.
Terence is moderately wounded.
Unknown command.
Unknown command.
You closely miss Terence.
Terence is moderately wounded.
Terence barely misses you.
Unknown command.
You hit Terence.
Terence is moderately wounded.
Terence barely misses you.
You completely miss Terence.
Terence is moderately wounded.
Terence barely misses you.
You hit Terence but do no damage.
Terence is moderately wounded.
Terence barely misses you.
You hit Terence.
Terence is heavily wounded.
Terence closely misses you.
You hit Terence but do no damage.
Terence is heavily wounded.
Terence hits you with a +0 morningstar!
You die...

#>.......##
#.#..#+#..## #######
#.#........####.....#
#.#..........(......#
#.##.....####.[.....+
#........# #(#....†#
########## #.#@.$..#
#@##..### #@##..#
#.......# ........#
###)...=.# ......#
......# ......#
......#


You could see Terence.

Vanquished Creatures
  Jessica (D:3)
  3 adders
  A worm (D:3)
  A dart slug (D:3)
  3 ball pythons (D:1)
  2 endoplasms
  3 giant cockroaches
  8 goblins
  3 hobgoblins (D:2)
  3 jackals (D:1)
  5 quokkas
  4 bats
  3 frilled lizards
  6 kobolds
  2 rats (D:2)
48 creatures vanquished.

Notes
Turn   | Place    | Note
-------+----------+-------------------------------------------
     0 | D:5      | drugrobin the Demigod Delver began the quest for the Orb.
     0 | D:5      | Reached XP level 1. HP: 18/18 MP: 3/3
     5 | D:5      | Found a staircase to the Ecumenical Temple.
    20 | Temple   | Entered the Ecumenical Temple
    38 | D:5      | Noticed a centaur
   179 | D:5      | Noticed a hound
   181 | D:5      | Noticed a howler monkey
   182 | D:5      | Noticed an iguana
   186 | D:5      | Noticed an acid dragon
   188 | D:5      | Noticed an iguana
   190 | D:5      | Noticed a jelly
   192 | D:5      | Noticed a scorpion
   200 | D:5      | Noticed a scorpion
   202 | D:5      | Noticed a jelly
   227 | D:5      | Noticed an ogre
   320 | D:5      | Noticed an iguana
   328 | D:5      | Found Xady's Antique Armour Emporium.
   514 | D:2      | Reached XP level 2. HP: 25/25 MP: 4/4
  1074 | D:1      | Reached XP level 3. HP: 28/30 MP: 5/5
  1812 | D:2      | Found a runed translucent door.
  1813 | D:2      | Noticed Crazy Yiuf
  2129 | D:3      | Noticed Jessica
  2138 | D:3      | Killed Jessica
  2139 | D:3      | Reached XP level 4. HP: 28/37 MP: 6/6
  2408 | D:3      | Noticed Terence
  2438 | D:3      | Slain by Terence

Illustrated notes

Levels and vault maps discovered:
D:1:      eino_arrival_druids_welcome, layout_loops_ring
D:2:      layout_basic, serial_forest, infiniplex_forest_lined_corner,
          infiniplex_forest_end_2, infiniplex_forest_3_way,
          infiniplex_forest_clump_medium, infiniplex_forest_end_1,
          infiniplex_forest_clump_cross, uniq_crazy_yiuf_cottage
D:3:      layout_basic, uniq_terence, uniq_robin, uniq_sigmund, uniq_jessica
D:4:      layout_basic, mainiacjoe_overflow_six_doors_small,
          serial_corexii_hall, chequers_hall_statues_wall_a,
          corexii_hall_statues_i, uniq_blork_the_orc
D:5:      kennysheep_windowed_halls, layout_basic, mainiacjoe_overflow_brackets,
          mainiacjoe_overflow_cross_hatched, fedhas_altar_2,
          minmay_temple_entry_glassed_door, serial_shops,
          nicolae_shop_tiny_real_fake_doors, minmay_door_square
Temple:   nicolae_temple_superstar

Skill      XL: |  1  2  3 |
---------------+----------+-----
Unarmed Combat | 2 3 4 |  4.4
Fighting       | |  2.6
Dodging        | |  1.7
Stealth        | |  4.5

Action                     |  1- 3 |  4- 6 || total
---------------------------+-------+-------++-------
  Melee: Unarmed           |   148 |    37 ||   185
         Punch             |     1 |     1 ||     2
  Throw: Dart              |     2 |     2 ||     4
   Stab: Sleeping          |     9 |     2 ||    11
 Armour: Leather armour    |    35 |       ||    35
         Ring mail         |    11 |       ||    11
         Skin              |     1 |       ||     1
         Robe              |       |     5 ||     5
  Dodge: Dodged            |    85 |    17 ||   102

Table legend: (Time is in decaauts)
 A = Elapsed time spent in this place.
 B = Non-inter-level travel time spent in this place.
 C = Inter-level travel time spent in this place.
 D = Time resting spent in this place.
 E = Time spent auto-exploring this place.
 F = Levels seen in this place.
 G = Mean time per level.
                   A        B        C        D        E       F      G
               +--------+--------+--------+--------+--------+-----+--------+
         Total |   2424 |   2384 |     40 |     48 |   1477 |   6 |  404.0 |
       Dungeon |   2423 |   2383 |     40 |     48 |   1477 |   5 |  484.6 |
        Temple |      1 |      1 |      0 |      0 |      0 |   1 |    1.0 |
               +--------+--------+--------+--------+--------+-----+--------+

Top non-repeatable levels by time:
     D:2: 839 daAuts
     D:1: 751 daAuts
     D:3: 448 daAuts
     D:5: 345 daAuts
     D:4: 38 daAuts
  Temple: 1 daAuts
